 Dungeon Crawl Stone Soup version 0.22.0-27-ga576289601 (webtiles) character file.

6250 Flugkiller the Cleaver (level 10, -8/94 HPs)
             Began as a Deep Dwarf Fighter on Aug 22, 2018.
             Was an Elder of Makhleb.
             Mangled by an orc warrior
             ... wielding a +0 glaive
              (19 damage)
             ... on level 2 of the Orcish Mines.
             The game lasted 00:06:45 (6342 turns).

Flugkiller the Cleaver (Deep Dwarf Fighter)         Turns: 6342, Time: 00:06:45

Health: -8/94      AC: 15    Str: 23    XL:     10   Next: 62%
Magic:  3/3        EV:  4    Int:  9    God:    Makhleb [****..]
Gold:   906        SH:  9    Dex: 12    Spells: 9/9 levels left

rFire    . . .     SeeInvis .   a - +0 war axe
rCold    . . .     Gourm    .   c - +0 shield
rNeg     . . .     Faith    .   C - +0 plate armour
rPois    .         Spirit   .   o - +0 helmet (curse)
rElec    .         Reflect  .   (no cloak)
rCorr    .         Harm     .   (no gloves)
MR       +....                  (no boots)
Stlth    ..........             (no amulet)
HPRegen  0.00/turn              (no ring)
MPRegen  0.08/turn              (no ring)

@: non-regenerating, drained
A: damage resistance, heal wounds, sense surroundings 2, no regeneration
a: Heal Wounds, Minor Destruction, Lesser Servant of Makhleb, Major Destruction,
Renounce Religion


You were on level 2 of the Orcish Mines.
You worshipped Makhleb.
Makhleb was greatly pleased with you.
You were not hungry.

You visited 3 branches of the dungeon, and saw 12 of its levels.

You collected 906 gold pieces.

Inventory:

Hand Weapons
 a - a +0 war axe (weapon)
Missiles
 l - a throwing net (quivered)
Armour
 c - a +0 shield (worn)
 o - a cursed +0 helmet (worn)
 t - the +1 scale mail "Ciluys" {rN+ rCorr MP-9}
   (You found it on level 7 of the Dungeon)

   It protects you from negative energy.
   It affects your magic capacity (-9).
   It provides partial protection from all sources of acid and corrosion.
 C - a +0 plate armour (worn)
Jewellery
 y - an uncursed ring of magical power {unknown}
 B - an uncursed ring of protection from cold {unknown}
Wands
 g - a wand of disintegration (30)
 q - a wand of flame (32)
 z - a wand of iceblast (7)
Scrolls
 h - 2 scrolls of fear {unknown}
 i - 6 scrolls of identify {unknown}
 j - a scroll of enchant armour {unknown}
 k - 5 scrolls of amnesia {unknown}
 m - a scroll of blinking {unknown}
 p - a scroll of teleportation {unknown}
 r - a scroll of noise {unknown}
 s - a scroll of remove curse {unknown}
 u - a scroll of magic mapping {unknown}
 w - a scroll of fog {unknown}
Potions
 d - 2 potions of might
 e - a potion of heal wounds {unknown}
 n - a potion of curing {unknown}
 x - a potion of flight {unknown}
Comestibles
 b - 4 chunks of flesh
 f - 12 rations


   Skills:
 + Level 7.4(7.1) Fighting
 * Level 11.6(11.3) Axes
 + Level 8.9(8.6) Armour
 - Level 3.2(3.0) Shields
 + Level 7.9(7.6) Invocations


You had 9 spell levels left.
You didn't know any spells.
Your spell library contained the following spells:

 Spells                   Type           Power        Failure   Level  Hunger
 Animate Skeleton         Necr           N/A          100%        1    ##.....
 Apportation              Tloc           #.....       100%        1    ##.....
 Beastly Appendage        Tmut           #.....       100%        1    ##.....
 Confusing Touch          Hex            #.....       100%        1    ##.....
 Summon Small Mammal      Summ           #...         100%        1    ##.....
 Sticks to Snakes         Tmut           #.......     100%        2    ###....
 Spider Form              Tmut/Pois      #.........   100%        3    ####...
 Ice Form                 Ice/Tmut       #.......     100%        4    #####..
 Blade Hands              Tmut           #.........   100%        5    ######.


Dungeon Overview and Level Annotations

Branches:
Dungeon (9/15)             Temple (1/1) D:6            Lair (0/6) D:9
    Orc (2/2) D:9
    Elf: Orc:2

Altars:
Ashenzari
Cheibriados
Dithmenos
Elyvilon
Fedhas
Gozag
Hepliaklqana
Kikubaaqudgha
Makhleb
Nemelex Xobeh
Qazlal
Ru
Sif Muna
Trog
Uskayaw
Vehumet
Wu Jian
Xom
Yredelemnul
Zin
The Shining One

Annotations:
D:5 1 runed door, Elric's ghost, novice MiFi


Innate Abilities, Weirdness & Mutations

You are resistant to damage.
You can heal yourself by infusing magical energy.
You passively map the area around you.
You do not regenerate.


Message History

The orc warrior hits you but does no damage.
Your shield and plate armour prevent you from hitting the orc wizard.
The orc wizard is almost dead.
You barely miss the ogre. The ogre hits you but does no damage.
The orc priest mumbles some strange prayers to Beogh against you.
Beogh smites you!
* * * LOW HITPOINT WARNING * * *
Your plate armour prevents you from hitting the orc wizard.
You hit the orc wizard. You slash the ogre! You block the orc warrior's attack.
The orc wizard casts a spell at you. The puff of flame hits you!
The ogre hits you but does no damage.
The orc wizard casts a spell.
The orc wizard blinks!
The orc priest mumbles some strange prayers to Beogh against you.
You resist with some effort.
The orc wizard gestures at you while chanting.
The puff of flame hits you!
* * * LOW HITPOINT WARNING * * *
The orc warrior hits you with a glaive!!
You die...

,,, * ,, , ##.....### * *
## .........# .#... ..#
.....o.... #.#....,,,...
.........##.............
....o.....#.....##......
,,
,....o..<.........#......
, #............##...... ,
* ##o@O)....## #.....
***, <
*#..o.......####..... ,
,*##..........##......
,,,$.......#.............
* *
,.........#.............
*
,,.......####..........#.
** .....##.*
##.......#### #....* #*
##......# * .....
###..#.#


You could see an orc warrior, an ogre, an orc priest, 2 orc wizards and an orc.

Vanquished Creatures
  A cyclops (Orc:2)
  A troll (Orc:1)
  2 hippogriffs
  A wyvern (D:9)
  A hungry ghost (D:7)
  A warg (Orc:1)
  6 orc warriors
  4 ice beasts
  5 sky beasts
  A black bear (D:9)
  4 ogres
  A phantom (D:7)
  A centaur (D:7)
  A big kobold (D:7)
  3 bullfrogs
  A wyvern skeleton (D:8)
  2 scorpions (D:6)
  3 howler monkeys
  6 crimson imps
  A centaur zombie (D:7)
  2 bullfrog zombies (D:8)
  2 bullfrog skeletons
  4 hounds
  2 jellies
  8 orc priests
  A gnoll shaman (D:5)
  14 orc wizards
  5 iguanas
  7 worker ants
  2 hound skeletons
  Robin (D:4)
  8 gnolls
  7 adders
  3 shadow imps
  A dart slug (D:4)
  89 orcs
  3 ball pythons
  8 bats (D:1)
  2 giant cockroaches
  6 goblins
  9 hobgoblins
  2 jackals (D:6)
  5 kobolds
  3 quokkas
  7 frilled lizards
  A quokka skeleton (D:8)
  2 rats (D:1)
250 creatures vanquished.

Vanquished Creatures (collateral kills)
  An orc high priest (Orc:2)
  An orc warrior (Orc:2)
2 creatures vanquished.

Grand Total: 252 creatures vanquished

Notes
Turn   | Place    | Note
-------+----------+-------------------------------------------
     0 | D:1      | Flugkiller the Deep Dwarf Fighter began the quest for the Orb.
     0 | D:1      | Reached XP level 1. HP: 20/20 MP: 1/1
   133 | D:1      | Reached XP level 2. HP: 27/27 MP: 2/2
   317 | D:1      | Reached skill level 3 in Axes
   419 | D:1      | Reached XP level 3. HP: 27/34 MP: 3/3
   803 | D:4      | Reached XP level 4. HP: 25/42 MP: 4/4
   817 | D:4      | Reached skill level 4 in Axes
   834 | D:4      | Reached XP level 5. HP: 8/49 MP: 5/5
  1061 | D:4      | Reached skill level 5 in Axes
  1063 | D:4      | Noticed Robin
  1076 | D:4      | Killed Robin
  1159 | D:4      | Reached XP level 6. HP: 39/57 MP: 5/5
  1751 | D:5      | Entered Level 5 of the Dungeon
  1776 | D:5      | Noticed a sky beast
  1787 | D:5      | Noticed a sky beast
  1821 | D:5      | Killed a sky beast
  1821 | D:5      | Reached skill level 5 in Armour
  1823 | D:5      | Killed a sky beast
  1823 | D:5      | Reached skill level 6 in Axes
  1823 | D:5      | Reached XP level 7. HP: 36/66 MP: 6/6
  1886 | D:5      | Found a runed door.
  1886 | D:5      | Noticed Elric's ghost (novice MiFi)
  2341 | D:6      | Found a staircase to the Ecumenical Temple.
  2350 | D:6      | Reached skill level 7 in Axes
  2364 | Temple   | Entered the Ecumenical Temple
  2523 | Temple   | Became a worshipper of Makhleb the Destroyer
  2724 | D:6      | Reached skill level 1 in Invocations
  2725 | D:6      | Found a blossoming altar of Fedhas.
  2835 | D:6      | Reached skill level 5 in Fighting
  2835 | D:6      | Reached XP level 8. HP: 58/74 MP: 4/6
  3041 | D:6      | Found a bloodstained altar of Trog.
  3055 | D:6      | Reached skill level 8 in Axes
  3320 | D:7      | Found a burning altar of Makhleb.
  3344 | D:7      | Noticed a hippogriff
  3361 | D:7      | Killed a hippogriff
  3550 | D:7      | Reached skill level 9 in Axes
  3550 | D:7      | Gained mutation: You passively map the area around you. [Deep Dwarf growth]
  3550 | D:7      | Reached XP level 9. HP: 53/82 MP: 7/7
  3555 | D:7      | Got a bloodstained scale mail
  3566 | D:7      | Identified the +1 scale mail "Ciluys" {rN+ rCorr MP-9} (You found it on level 7 of the Dungeon)
  3585 | D:7      | Found a stormy altar of Qazlal.
  3646 | D:7      | Found a bloodstained altar of Trog.
  3802 | D:7      | Reached * piety under Makhleb
  4126 | D:8      | Reached skill level 5 in Invocations
  4363 | D:8      | Reached ** piety under Makhleb
  4371 | D:8      | Reached skill level 10 in Axes
  4800 | D:9      | Found a staircase to the Lair.
  5122 | D:9      | Reached XP level 10. HP: 82/92 MP: 0/7
  5398 | D:9      | Reached *** piety under Makhleb
  5430 | D:9      | Found a staircase to the Orcish Mines.
  5512 | Orc:1    | Entered Level 1 of the Orcish Mines
  5616 | Orc:1    | Reached **** piety under Makhleb
  5616 | Orc:1    | Reached skill level 11 in Axes
  6044 | Orc:2    | Entered Level 2 of the Orcish Mines
  6150 | Orc:2    | Noticed a cyclops
  6167 | Orc:2    | Killed a cyclops
  6184 | Orc:2    | Noticed an orc high priest
  6221 | Orc:2    | Noticed a soul eater
  6221 | Orc:2    | Noticed an orange demon
  6231 | Orc:2    | Noticed a soul eater
  6231 | Orc:2    | Noticed an orange demon
  6238 | Orc:2    | Killed an orc high priest
  6342 | Orc:2    | Mangled by an orc warrior

Skill      XL: |  1  2  3  4  5  6  7  8  9 10 |
---------------+-------------------------------+-----
Fighting       | 3 4 5 6 7 |  7.4
Axes           | 3 4 5 6 7 9 10 11 | 11.6
Armour         | 4 5 6 8 |  8.9
Invocations    | 1 4 6 7 |  7.9
Shields        | |  3.2

Action                   |  1- 3 |  4- 6 |  7- 9 | 10-12 || total
-------------------------+-------+-------+-------+-------++-------
Melee: War axe           |   106 |   110 |   510 |   246 ||   972
Invok: Lesser Servant of |       |       |       |     2 ||     2
 Abil: Heal Wounds       |     1 |     6 |    16 |    15 ||    38
 Stab: Distracted        |       |       |       |     1 ||     1
  Eat: Chunk             |       |     3 |    15 |     4 ||    22
Armor: Scale mail        |    87 |    65 |   222 |    94 ||   468
       Plate armour      |       |       |       |    29 ||    29
Dodge: Dodged            |    41 |    28 |   137 |    65 ||   271
Block: Shield            |    77 |    55 |   244 |   129 ||   505
